 Dungeon Crawl Stone Soup version 0.31.0-4-g52a2dc7128 (webtiles) character file.

Game seed: 7965541634250041242

3392 Xpym the Reanimator (level 10, -1/4 (49) HPs)
             Began as a Vine Stalker Necromancer on Jan 22, 2024.
             Was a Priest of Lugonu.
             Slain by an orc warrior
             ... wielding a +0 mace
              (5 damage)
             ... on level 10 of the Dungeon.
             The game lasted 00:53:14 (10540 turns).

Xpym the Reanimator (Vine Stalker Necromancer)     Turns: 10540, Time: 00:53:15

HP:   -1/4 (49)     AC:  7    Str: 12      XL:     10   Next: 4%
MP:   0/19          EV: 16    Int: 19      God:    Lugonu [***...]
Gold: 500           SH:  4    Dex:  9 (14) Spells: 2/20 levels left

rFire   . . .        a - +4 dagger (distort)
rCold   + . .        y - +0 buckler {rC+}
rNeg    . . .        c - +0 robe
rPois   +            h - +1 helmet
rElec   .            d - scarf {repulsion}
rCorr   .            o - +2 pair of gloves
SInv    .            (no boots)
Will    +....        (no amulet)
Stlth   +++          P - ring of poison resistance
HPRegen 1.00/turn    E - +5 ring of evasion
MPRegen 0.16/turn

%: repel missiles, guardian spirit
@: animating dead (expiring), extremely drained
A: fangs 3, regeneration 1, magic shield, antimagic bite, no potion heal 2
a: Renounce Religion, Depart the Abyss, Banish


You were on level 10 of the Dungeon.
You worshipped Lugonu.
Lugonu was most pleased with you.
You visited 2 branches of the dungeon, and saw 11 of its levels.
You visited the Abyss 1 time.
You also visited: Sewer.

You collected 500 gold pieces.


Innate Abilities, Weirdness & Mutations

You have razor-sharp teeth.
Your natural rate of healing is unusually fast.
When hurt, damage is shared between your health and your magic reserves.
Your bite disrupts and absorbs the magic of your enemies.
Potions cannot restore your health.


   Skills:
 + Level 3.8 Fighting
 + Level 5.3 Short Blades
 - Level 1.5 Dodging
 - Level 5.0 Stealth
 * Level 1.7 Shields
 + Level 5.8 Spellcasting
 + Level 2.5 Conjurations
 + Level 9.1 Necromancy
 + Level 2.8 Translocations
 + Level 2.4 Air Magic


You had 2 spell levels left.
You knew the following spells:

 Your Spells              Type           Power      Damage    Failure   Level
a - Animate Dead          Necr           40%        N/A       3%          4
v - Vampiric Draining     Necr           40%        2d8       1%          3
y - Curse of Agony        Necr           40%        N/A       11%         5
B - Blink                 Tloc           32%        N/A       8%          2
X - Necrotise             Necr           100%       1d9       1%          1
Y - Kiss of Death         Conj/Necr      100%       2d13      1%          1
Z - Momentum Strike       Conj/Tloc      30%        3d8       8%          2

Your spell library contained the following spells:

 Spells                   Type           Power      Damage    Failure   Level
 Sublimation of Blood     Necr           40%        N/A       1%          2
 Magic Dart               Conj           60%        1d6       5%          1
 Shock                    Conj/Air       60%        1d6       5%          1
 Lesser Beckoning         Tloc           32%        N/A       8%          2
 Foxfire                  Conj/Fire      40%        2x1d6     10%         1
 Freeze                   Ice            20%        1d4       16%         1
 Sandblast                Erth           10%        2d5       16%         1
 Call Imp                 Summ           10%        N/A       24%         2
 Swiftness                Air            15%        N/A       17%         3
 Volatile Blastmotes      Fire/Tloc      22%        2d11      26%         3
 Stone Arrow              Conj/Erth      20%        3d8       28%         3
 Passwall                 Erth           5%         N/A       43%         3
 Tukima's Dance           Hex            5%         N/A       43%         3
 Passage of Golubria      Tloc           16%        N/A       43%         4
 Vhi's Electric Charge    Tloc/Air       30%        N/A       47%         4
 Airstrike                Air            7%         2d(2-18)  50%         4
 Brom's Barrelling Bould  Conj/Erth      10%        2d3       67%         4
 Arcjolt                  Conj/Air       7%         1d17      83%         5
 Yara's Violent Unravell  Hex/Alch       2%         3d3       99%         5
 Plasma Beam              Fire/Air       5%         2x1d15    100%        6
 Polar Vortex             Ice            2%         N/A       100%        9

Inventory:

Hand Weapons
 a - a +4 dagger of distortion (weapon)
 b - a +1 sling
 x - a +2 short sword of electrocution
 B - a +1 dagger of speed
Missiles
 m - 30 poisoned darts (quivered) {@f2}
 v - a boomerang
Armour
 c - a +0 robe (worn)
 d - a scarf of repulsion (worn)
 h - a +1 helmet (worn)
 o - a +2 pair of gloves (worn)
 y - a +0 buckler of cold resistance (worn)
Jewellery
 w - a ring of willpower
 C - a ring of ice
 E - a +5 ring of evasion (right hand)
 L - a ring of flight
 N - a ring of positive energy
 P - a ring of poison resistance (left hand)
 R - a ring of resist corrosion
 S - a +6 ring of strength
 W - a ring of willpower
Scrolls
 k - a scroll of amnesia {unknown}
 l - a scroll of enchant weapon
 p - a scroll of enchant armour
 q - a scroll of torment
 r - a scroll of fog {unknown}
 t - a scroll of butterflies
 u - 2 scrolls of teleportation {@r2}
 z - a scroll of revelation {unknown}
Potions
 e - a potion of enlightenment
 f - a potion of cancellation
 g - a potion of attraction
 i - a potion of magic
 j - 2 potions of mutation
 n - 2 potions of curing {@q1}
 s - a potion of might
 A - a potion of brilliance {unknown}
 D - 2 potions of haste {unknown}

Dungeon Overview and Level Annotations

Branches:
Dungeon (10/15)            Temple (1/1) D:5           Sewer (visited)
   Lair: D:8-11         Orc: D:9-12

Altars:
Ashenzari
Cheibriados
Dithmenos
Elyvilon
Fedhas
Gozag
Hepliaklqana
Kikubaaqudgha
Makhleb
Nemelex Xobeh
Okawaru
Qazlal
Ru
Sif Muna
Trog
Uskayaw
Vehumet
Wu Jian
Xom
Yredelemnul
The Shining One

Annotations:
D:7 Dowan, Duvessa
D:8 4 transporters, Joseph
D:9 exclusions: statue and troll

. ######)## ~.##.......#
~..'.......# ~..#.......#
#.......# #.......+
#...Z...# ###o##### #@.#
#. ##.## ###.##### ###..#
.# #..[....# #...## #.#
#.......# ##'#######
##.##
#.......####........#
#....
+..)..O.#..'........####
#...>
#.......#.##........'..##
#.... #.....<.#
#.......(##..#####....


You could see an orc warrior and an orc simulacrum.


Message History

The orc hits you with a +0 short sword.
Ouch! That really hurt!
* * * LOW HITPOINT WARNING * * *
You take 1 damage, and have 1/2 hp.
MASSIVE DAMAGE!!
You now have 6/19 mp.
You hit the orc but do no damage.
Space warps around the orc.
Your bite misses the orc.
The orc is severely wounded.
You hit the orc.
You kill the orc!
Lugonu accepts your kill.
Kikubaaqudha cackles.
An orc simulacrum comes into view.
Your reaping aura is weakening.
You hit the spectral orc but do no damage.
You bite the spectral orc.
You destroy the spectral orc!
Casting: Necrotise (safe; 1% risk of failure)
Confirm with . or Enter, or press ? or * to list all spells.
Aiming: Necrotise (safe; 1% risk of failure)
Press: ? - help, Shift-Dir - straight line, f/p - orc warrior
Aim: an orc warrior, wielding a +0 mace and wearing a +0 plate armour (severely wounded, chance to affect: 83%)
The orc warrior writhes in agony.
Health restored: 4 You now have 6/19 mp.
You closely miss the orc warrior.
You bite the orc warrior, but do no damage.
The orc warrior is severely wounded.
The orc warrior hits you with a +0 mace!
Ouch! That really hurt!
You die...

Skill      XL: |  1  2  3  4  5  6  7  8  9 |
---------------+----------------------------+-----
Stealth        | 3 4 5 |  5.0
Short Blades   | 1 2 3 4 5 |  5.3
Spellcasting   | 3 4 5 |  5.8
Necromancy     | 5 6 7 8 9 |  9.1
Fighting       | 2 3 |  3.8
Translocations | 2 |  2.8
Conjurations   | 2 |  2.5
Air Magic      | 2 |  2.4
Shields        | 1 |  1.7
Dodging        | |  1.5

Action                     |  1- 3 |  4- 6 |  7- 9 | 10-12 || total
---------------------------+-------+-------+-------+-------++-------
  Melee: Dagger            |     7 |    16 |   109 |    23 ||   155
         Bite              |     2 |    10 |    29 |     9 ||    50
         Short sword       |       |    33 |    40 |       ||    73
   Fire: Sling             |    22 |    14 |    55 |       ||    91
  Throw: Dart              |       |       |     6 |       ||     6
   Cast: Necrotise         |    62 |    74 |   139 |     6 ||   281
         Animate Dead      |       |     5 |    13 |     2 ||    20
         Vampiric Draining |       |       |     2 |       ||     2
         Momentum Strike   |       |       |     9 |     1 ||    10
         Blink             |       |       |     1 |     1 ||     2
 Invoke: Depart the Abyss  |       |       |     1 |       ||     1
    Use: Scroll            |     2 |     2 |     6 |       ||    10
         Potion            |       |     1 |     1 |       ||     2
   Stab: Sleeping          |       |     1 |     1 |       ||     2
 Armour: Robe              |    10 |    39 |   101 |     4 ||   154
  Dodge: Dodged            |    12 |    32 |   146 |     5 ||   195
         Repelled          |     2 |       |       |       ||     2
  Block: Buckler           |       |       |     5 |     1 ||     6

Levels and vault maps discovered:
D:1:      co_arrival_random_square_maze, layout_loops_cross,
          minmay_misc_feat_doors, minivault_19
D:2:      layout_basic, hangedman_feature_mirror, st_stairs_3,
          nrook_mini_backslash
D:3:      layout_basic, minivault_23
D:4:      layout_rooms, portal_sewer_entry_a, minmay_bisected
D:5:      layout_basic, minmay_temple_entry_nine_rooms
D:6:      layout_rooms, marbit_many_paths, zin_scriptorium,
          lemuel_crystal_altar, grunt_temple_overflow_diamond
D:7:      cheibrodos_statue_roulette, layout_loops_cross,
          general_overflow_altar, uniq_duvessa
D:8:      layout_basic, nicolae_dithmenos_shadow_blocks,
          nicolae_transporter_circle, uniq_psyche, uniq_joseph
D:9:      layout_loops_ring, vehumet_statue
D:10:     layout_roguey, enter_bailey_3, minivault_5
Temple:   nicolae_temple_god_jail

Notes
Turn   | Place    | Note
-------+----------+-------------------------------------------
     0 | D:1      | Xpym the Vine Stalker Necromancer began the quest for the
                  | Orb.
     0 | D:1      | Reached XP level 1. HP: 9/9 MP: 4/4
   349 | D:1      | Reached XP level 2. HP: 13/13 MP: 4/6
  1050 | D:2      | Reached XP level 3. HP: 16/16 MP: 2/7
  1054 | D:2      | Learned a level 3 spell: Vampiric Draining
  1221 | D:2      | Reached skill level 3 in Stealth
  1391 | D:2      | Reached skill level 1 in Short Blades
  1978 | D:3      | Reached XP level 4. HP: 21/21 MP: 6/9
  1984 | D:3      | Learned a level 4 spell: Animate Dead
  2023 | D:3      | Got Esmelera's Vademecum on Searing Snow
  2600 | D:4      | Reached skill level 3 in Spellcasting
  2600 | D:4      | Reached XP level 5. HP: 21/24 MP: 3/10
  2607 | D:4      | Reached skill level 5 in Necromancy
  2654 | D:4      | Found a glowing drain.
  2679 | D:4      | Reached skill level 4 in Stealth
  2755 | Sewer    | Entered a sewer
  2770 | Sewer    | Reached skill level 2 in Short Blades
  2949 | Sewer    | Reached XP level 6. HP: 28/28 MP: 12/12
  2998 | Sewer    | Found a burning altar of Makhleb.
  3110 | Sewer    | Noticed Grinder
  3265 | D:4      | Noticed a black bear
  3337 | D:4      | Reached skill level 6 in Necromancy
  3653 | D:4      | Reached skill level 4 in Spellcasting
  3653 | D:4      | Reached XP level 7. HP: 32/32 MP: 7/14
  3791 | D:4      | Reached skill level 3 in Short Blades
  3948 | D:5      | Entered Level 5 of the Dungeon
  4204 | D:5      | Reached skill level 7 in Necromancy
  4234 | D:5      | Found a staircase to the Ecumenical Temple.
  4240 | Temple   | Entered the Ecumenical Temple
  4259 | Temple   | Became a worshipper of Kikubaaqudgha
  4380 | D:5      | Learned a level 5 spell: Curse of Agony
  5399 | D:6      | Found a snail-covered altar of Cheibriados.
  5410 | D:6      | Gained mutation: You have razor-sharp teeth. [Vine Stalker
                  | growth]
  5410 | D:6      | Reached XP level 8. HP: 37/37 MP: 8/15
  5486 | D:6      | Noticed a cyclops
  5531 | D:6      | Reached skill level 1 in Fighting
  5634 | D:6      | Found a sacrificial altar of Ru.
  5797 | D:6      | Reached skill level 4 in Short Blades
  5816 | D:6      | Reached skill level 5 in Stealth
  5893 | D:6      | Reached skill level 8 in Necromancy
  5918 | D:6      | Found a broken altar of Ashenzari.
  5922 | D:6      | Found a shimmering blue altar of Sif Muna.
  5927 | D:6      | Found a bloodstained altar of Trog.
  5973 | D:6      | Reached skill level 2 in Fighting
  6439 | D:7      | Learned a level 2 spell: Blink
  6539 | D:7      | Reached XP level 9. HP: 36/43 MP: 12/17
  6613 | D:7      | Reached * piety under Kikubaaqudgha
  6613 | D:7      | Received a gift from Kikubaaqudgha
  6614 | D:7      | Reached skill level 5 in Spellcasting
  6614 | D:7      | Reached skill level 1 in Translocations
  6616 | D:7      | Learned a level 1 spell: Kiss of Death
  6619 | D:7      | Learned a level 2 spell: Momentum Strike
  6684 | D:7      | Found a blossoming altar of Fedhas.
  6936 | D:7      | Noticed Duvessa
  6940 | D:7      | Noticed Dowan
  7682 | D:8      | Noticed Joseph
  7738 | D:8      | Noticed Psyche
  7752 | D:8      | You are cast into the Abyss!
  7752 | Abyss:1  | Cast into level 1 of the Abyss (Psyche)
  7827 | Abyss:1  | Noticed a wretched star
  7871 | Abyss:2  | Found a corrupted altar of Lugonu.
  7884 | Abyss:2  | Noticed a starcursed mass
  7911 | Abyss:2  | Noticed a tentacled starspawn
  7915 | Abyss:2  | Found a corrupted altar of Lugonu.
  7919 | Abyss:2  | Fell from the grace of Kikubaaqudgha
  7919 | Abyss:2  | Became a worshipper of Lugonu the Unformed
  7919 | Abyss:2  | Reached * piety under Lugonu
  7919 | Abyss:2  | Reached ** piety under Lugonu
  7920 | D:8      | You pass through the gate.
  7920 | D:8      | Escaped the Abyss
  7923 | D:8      | Killed Psyche
  7924 | D:8      | Reached skill level 3 in Fighting
  7924 | D:8      | Reached skill level 1 in Conjurations
  8166 | D:8      | Reached skill level 2 in Translocations
  8179 | D:8      | Reached skill level 1 in Air Magic
  8462 | D:8      | Found a transporter.
  8464 | D:8      | Found a transporter.
  8468 | D:8      | Found a transporter.
  8523 | D:8      | Found a transporter.
  8583 | D:8      | Reached skill level 5 in Short Blades
  8631 | D:8      | Reached skill level 2 in Air Magic
  8670 | D:8      | Found a shadowy altar of Dithmenos.
  8713 | D:8      | Reached skill level 2 in Conjurations
  8863 | D:8      | Reached skill level 9 in Necromancy
  8867 | D:8      | Reached skill level 1 in Shields
  9829 | D:9      | Reached XP level 10. HP: 16/26 MP: 14/19
  9964 | D:9      | Reached *** piety under Lugonu
 10005 | D:9      | Found a radiant altar of Vehumet.
 10256 | D:10     | Entered Level 10 of the Dungeon
 10256 | D:10     | Noticed a two-headed ogre
 10540 | D:10     | Slain by an orc warrior

Vanquished Creatures
  Psyche (D:8)
  A wyvern (D:9)
  3 water moccasins
  3 ice beasts
  A black bear (D:4)
  3 kobold brigands
  3 scorpions (D:4)
  A gnoll sergeant (D:8)
  A wight (D:6)
  9 killer bees (D:8)
  4 bombardier beetles
  A jelly (D:7)
  3 hounds
  4 orc priests
  2 sleepcaps
  3 iguanas
  4 orc wizards
  A killer bee zombie (D:8)
  5 gnolls (D:8)
  2 river rats (D:4)
  6 adders
  A shadow imp (Sewer)
  An ufetubus (Sewer)
  2 dart slugs
  3 ribbon worms
  32 orcs
  7 endoplasms
  2 giant cockroaches
  7 goblins
  2 hobgoblins
  12 jackals
  23 kobolds
  A quokka (D:1)
  3 ball pythons
  12 bats
  4 frilled lizards
  A gnoll zombie (D:8)
  3 orc zombies
  4 rats
181 creatures vanquished.

Vanquished Creatures (collateral kills)
  2 ogres
  A bullfrog (D:7)
  A killer bee (D:8)
  A bombardier beetle (D:5)
  A jelly (D:5)
  2 hounds
  An adder (D:4)
  An orc (D:4)
  An endoplasm (D:4)
  2 jackals (D:2)
  2 ball pythons
  A kobold (Sewer)
  3 rats
19 creatures vanquished.

Vanquished Creatures (others)
  A water moccasin zombie (D:6)
  A black bear zombie (D:4)
  A scorpion zombie (D:4)
  A hound zombie (D:6)
  An iguana zombie (D:6)
  An adder zombie (D:4)
  2 bat zombies (Sewer)
  An endoplasm (Sewer)
  An endoplasm zombie (Sewer)
  10 kobold zombies
  10 orc zombies
  3 starspawn tentacles (Abyss:2)
33 creatures vanquished.

Grand Total: 233 creatures vanquished

Table legend: (Time is in decaauts)
 A = Elapsed time spent in this place.
 B = Non-inter-level travel time spent in this place.
 C = Inter-level travel time spent in this place.
 D = Time resting spent in this place.
 E = Time spent auto-exploring this place.
 F = Levels seen in this place.
 G = Mean time per level.
                   A        B        C        D        E       F      G
               +--------+--------+--------+--------+--------+-----+--------+
         Total |  10516 |   9622 |    894 |    344 |   7445 |  14 |  751.1 |
       Dungeon |   9870 |   9004 |    866 |    294 |   7152 |  10 |  987.0 |
        Temple |     33 |      5 |     28 |      0 |      0 |   1 |   33.0 |
         Abyss |    167 |    167 |      0 |      0 |     67 |   2 |   83.5 |
         Sewer |    444 |    444 |      0 |     50 |    226 |   1 |  444.0 |
               +--------+--------+--------+--------+--------+-----+--------+

Top non-repeatable levels by time:
     D:8: 1728 daAuts
     D:5: 1375 daAuts
     D:4: 1233 daAuts
     D:1: 1030 daAuts
     D:7: 978 daAuts
     D:6: 969 daAuts
     D:2: 912 daAuts
     D:9: 794 daAuts
     D:3: 592 daAuts
   Sewer: 444 daAuts
    D:10: 254 daAuts
 Abyss:1: 86 daAuts
 Abyss:2: 80 daAuts
  Temple: 33 daAuts

Table legend:
 A = Non-vault XP
 B = Vault XP
 C = Vault XP percentage of total XP
 D = Non-vault monster count
 E = Vault monster count
 F = Vault count percentage of total count
                 A         B        C        D         E       F
            +---------+---------+-------+---------+---------+-------
      Total |    4126 |     721 |  14.9 |     168 |      36 |  17.6
            +---------+---------+-------+---------+---------+-------
        D:1 |      29 |       0 |   0.0 |      16 |       0 |   0.0
        D:2 |      42 |       4 |   8.7 |      22 |       4 |  15.4
        D:3 |      50 |       0 |   0.0 |      14 |       0 |   0.0
        D:4 |     633 |     182 |  22.3 |      17 |      11 |  39.3
        D:5 |     363 |       0 |   0.0 |      13 |       0 |   0.0
        D:6 |     807 |      70 |   8.0 |      18 |       1 |   5.3
        D:7 |     511 |       0 |   0.0 |       9 |       0 |   0.0
        D:8 |    1245 |     328 |  20.9 |      34 |       1 |   2.9
        D:9 |     433 |       0 |   0.0 |      20 |       0 |   0.0
       D:10 |      13 |       0 |   0.0 |       5 |       0 |   0.0
      Sewer |       0 |     137 | 100.0 |       0 |      19 | 100.0
            +---------+---------+-------+---------+---------+-------
